AoeStats
← Zariel

Black Forest

505540892Analyzed
4v4 RM · 23d ago on Sep 9, 2026· 46m 27s· 8 players
Game mode
Random Map
Map size
Large (8 player)
Population
200
Speed
Normal
Resources
Standard
Victory
Conquest
Starting age
Dark Age
Ending age
Imperial Age
RankedLock teamsTeams togetherTeam positionsShared explorationLock speedFull tech treeHidden civsTurbo modeCheats
Victory
Defeat
🇪🇸 Koreans · Spain
1429
+13
🇹🇷 Saracens · Türkiye
1421
+14
🇦🇷 Portuguese · Argentina
1354
+16
🇦🇺 Romans · Australia
1341
+18
🇪🇸 Koreans · Spain
1390
-16
🇲🇽 Saracens · Mexico
1389
-16
🇲🇽 Cumans · Mexico
1356
-15
🇮🇹 Wei · Italy
1338
-14
[GDL] ColimoteStudioS
5:17 Loom
10:15 Feudal Age
12:34 Fletching
13:50 Padded Archer Armor
17:18 Double-Bit Axe
26:16 Castle Age
28:15 Wheelbarrow
30:34 Bow Saw
30:05 Horse Collar
30:20 Gold Mining
30:21 Stone Mining
31:12 Town Watch
33:03 Pikeman
33:29 Gambesons
37:34 Heavy Plow
40:46 Imperial Age
40:29 Hand Cart
40:25 Crossbowman
41:11 Thumb Ring
41:02 Bodkin Arrow
41:22 Leather Archer Armor
41:53 Conscription
42:36 Ballistics
43:17 Chemistry
42:28 Arbalester
Mr.Brrum
0:44 Loom
13:24 Feudal Age
13:52 Double-Bit Axe
21:10 Castle Age
22:03 Bow Saw
21:49 Fishing Lines
22:51 Horse Collar
29:58 Fortified Wall
30:43 Wheelbarrow
33:19 Imperial Age
31:28 Fletching
31:55 Hand Cart
32:16 Ballistics
31:48 Gillnets
32:00 Stone Mining
32:26 Town Watch
32:39 Bodkin Arrow
34:09 Stone Shaft Mining
35:03 Two-Man Saw
35:24 Chemistry
35:06 Gold Mining
35:55 Conscription
37:31 Siege Engineers
38:36 Caravan
38:25 Elite War Wagon
39:18 Bracer
Zariel
11:49 Feudal Age
15:43 Castle Age
14:22 Double-Bit Axe
16:23 Fishing Lines
21:32 Loom
22:12 Bow Saw
24:08 Wheelbarrow
23:47 Gillnets
26:39 Hand Cart
26:55 Husbandry
27:10 Forging
27:51 Scale Barding Armor
28:39 Bloodlines
28:33 Horse Collar
29:36 Iron Casting
32:04 Chain Barding Armor
33:13 Stone Mining
33:13 Gold Mining
33:13 Stone Mining
33:24 Town Watch
37:18 Imperial Age
36:02 Gold Shaft Mining
37:08 Stone Shaft Mining
36:27 Fletching
40:22 Conscription
40:30 Ming Guang Armor
40:27 Squires
39:48 Pikeman
41:30 Blast Furnace
40:32 Scale Mail Armor
41:38 Heavy Plow
41:05 Elite Tiger Cavalry
41:10 Elite Tiger Cavalry
43:14 Ballistics
43:54 Chemistry
44:15 Tuntian
[GDL] saushino
6:30 Loom
9:04 Feudal Age
15:50 Double-Bit Axe
19:24 Horse Collar
21:43 Wheelbarrow
24:53 Castle Age
23:31 Scale Barding Armor
24:29 Bloodlines
24:31 Forging
25:08 Capped Ram
28:27 Chain Barding Armor
30:52 Padded Archer Armor
31:32 Iron Casting
32:10 Hand Cart
31:49 Town Watch
imenek
0:48 Loom
11:57 Feudal Age
12:29 Double-Bit Axe
12:25 Horse Collar
20:13 Castle Age
19:49 Scale Mail Armor
22:11 Pikeman
26:36 Squires
26:22 Gambesons
27:54 Bow Saw
30:29 Wheelbarrow
30:20 Heavy Plow
30:16 Gold Mining
36:39 Hand Cart
37:15 Stone Mining
38:01 Gold Shaft Mining
41:23 Imperial Age
39:49 Scale Barding Armor
39:54 Forging
40:49 Bloodlines
40:40 Husbandry
41:01 Chain Barding Armor
41:26 Heavy Camel Rider
42:42 Plate Barding Armor
44:24 Iron Casting
44:43 Conscription
44:24 Town Watch
45:40 Two-Man Saw
44:40 Onager
45:30 Siege Engineers
46:25 Chemistry
45:46 Ballistics
SweatyPenguin
11:34 Feudal Age
12:20 Double-Bit Axe
15:27 Castle Age
14:33 Horse Collar
15:32 Fishing Lines
20:10 Fletching
23:07 Ballistics
23:08 Bodkin Arrow
23:38 Gold Mining
24:43 Bow Saw
24:54 Gillnets
26:46 Heavy Plow
32:23 Imperial Age
31:17 Wheelbarrow
30:27 Loom
31:20 Masonry
31:02 Town Watch
32:38 Bloodlines
32:28 Husbandry
33:07 Gold Shaft Mining
33:53 Scale Barding Armor
33:59 Forging
33:56 Pikeman
34:36 Squires
34:38 Scale Mail Armor
34:45 Onager
35:53 Hand Cart
35:43 Halberdier
37:16 Chain Mail Armor
37:36 Iron Casting
38:07 Conscription
37:53 Ballistas
38:53 Heavy Scorpion
41:07 Blast Furnace
42:08 Chemistry
41:39 Architecture
43:30 Coinage
43:01 Caravan
Agua Mineral
11:50 Feudal Age
16:24 Castle Age
21:35 Imperial Age
19:50 Double-Bit Axe
23:29 Chemistry
22:34 Loom
26:29 Gold Mining
29:23 Treadmill Crane
30:59 Fletching
34:23 Arquebus
35:37 Bow Saw
36:42 Wheelbarrow
37:10 Conscription
36:58 Siege Engineers
37:47 Bombard Tower
40:45 Bodkin Arrow
40:49 Murder Holes
43:29 Forging
43:24 Scale Barding Armor
43:21 Bracer
44:11 Masonry
44:35 Hand Cart
45:39 Ballistics
44:45 Cavalier
45:36 Bloodlines
45:28 Husbandry
46:06 Iron Casting
45:52 Chain Barding Armor
Garabatov
0:49 Loom
13:28 Feudal Age
14:54 Double-Bit Axe
17:31 Castle Age
17:29 Fletching
18:53 Horse Collar
20:07 Bow Saw
25:09 Wheelbarrow
24:22 Town Watch
25:58 Gold Mining
27:00 Scale Mail Armor
26:51 Gambesons
27:07 Squires
29:32 Heavy Plow
30:10 Gold Shaft Mining
30:37 Hand Cart
33:02 Chain Mail Armor
32:58 Forging
36:35 Imperial Age
34:42 Bodkin Arrow
35:26 Iron Casting
35:13 Masonry
35:24 Ballistics
35:28 Stone Mining
35:48 Treadmill Crane
36:30 Eupseong
37:29 Bodkin Arrow
37:00 Elite Fire Lancer
38:11 Conscription
39:19 Bracer
39:20 Arson
40:08 Plate Mail Armor
39:29 Arrowslits
40:47 Chemistry
42:49 Architecture
42:33 Siege Engineers
42:42 Fortified Wall
43:59 Stone Shaft Mining
42:58 Elite Skirmisher
43:44 Thumb Ring
44:38 Pikeman
Connection lost

Rejoining the realm…

Still unreachable

The connection could not be restored.

Session expired

The server has moved on; the page needs a fresh start.